 Dungeon Crawl Stone Soup version 0.30-a0-354-g6b83867211 (webtiles) character file.

Game seed: 11195095129529756201

457 Lanoc the Reanimator (level 6, 0/32 HPs)
             Began as a Deep Elf Necromancer on Nov 7, 2022.
             Was a Follower of Ashenzari.
             Slain by a howler monkey (2 damage)
             ... on level 5 of the Dungeon.
             The game lasted 00:06:05 (4079 turns).

Lanoc the Reanimator (Deep Elf Necromancer)         Turns: 4079, Time: 00:06:06

Health: 0/32       AC:  3    Str:  5    XL:     6   Next: 77%
Magic:  4/12       EV: 13    Int: 28    God:    Ashenzari [*.....]
Gold:   165        SH:  0    Dex: 15    Spells: 4/11 levels left

rFire   . . .      SeeInvis .    (no weapon)
rCold   . . .      Faith    .    (no shield)
rNeg    . . .      Spirit   .    a - +0 robe "I Foresaw This" {Evo, Melee} (curse)
rPois   .          Reflect  .    (no helmet)
rElec   .          Harm     .    e - scarf {shadows}
rCorr   .          Rampage  .    (no gloves)
Will    .....                    t - +0 pair of boots of Apeoromancy {Fort, Cun} (curse)
Stlth   ++........               (no amulet)
HPRegen 0.25/turn                n - +6 ring of intelligence
MPRegen 0.13/turn                (no ring)

@: weakened, freezing walls
A: no striking features
a: Renounce Religion, Shatter the Chains


You were on level 5 of the Dungeon.
You worshipped Ashenzari.
Ashenzari was aware of your devotion.
You visited 1 branch of the dungeon, and saw 5 of its levels.

You collected 165 gold pieces.

Inventory:

Armour
 a - the cursed +0 robe "I Foresaw This" (worn) {Evo, Melee}

   It has a curse which improves the following skills: Evocations: Evocations.
   Melee Combat: Short Blades, Long Blades, Axes, Maces & Flails, Polearms,
   Staves and Unarmed Combat.
 e - a scarf of shadows (worn)
 t - the cursed +0 pair of boots of Apeoromancy (worn) {Fort, Cun}
   (You found it on level 3 of the Dungeon)

   It has a curse which improves the following skills: Fortitude: Armour and
   Shields.
   Cunning:   Dodging and Stealth.
Jewellery
 n - a +6 ring of intelligence (left hand)
 u - a ring of flight
Scrolls
 d - 8 scrolls of identify
 f - 2 scrolls of teleportation
 g - 2 scrolls of vulnerability
 h - 2 scrolls of immolation
 i - a scroll of blinking
 j - a scroll of magic mapping
 k - a scroll of noise
 l - 2 scrolls of summoning
 p - a scroll of brand weapon
 q - a scroll of enchant weapon
 v - a scroll of poison
Potions
 b - 3 potions of magic
 c - 5 potions of curing
 m - a potion of mutation
 o - 3 potions of haste
 r - a potion of attraction
 s - a potion of heal wounds
 w - a potion of flight


   Skills:
 - Level 2.4(3.1) Dodging
 - Level 2.4(3.1) Stealth
 - Level 3.0 Spellcasting
 + Level 9.8 Necromancy


You had 4 spell levels left.
You knew the following spells:

 Your Spells              Type           Power      Damage    Failure   Level
a - Necrotise             Necr           100%       1d9       1%          1
b - Vampiric Draining     Necr           56%        2d10      1%          3
c - Frozen Ramparts       Ice            8%         1d2       24%         3

Your spell library contained the following spells:

 Spells                   Type           Power      Damage    Failure   Level
 Animate Dead             Necr           56%        N/A       1%          4
 Freeze                   Ice            16%        1d4       9%          1
 Hailstorm                Conj/Ice       4%         3d4       24%         3
 Agony                    Necr           56%        N/A       4%          5


Dungeon Overview and Level Annotations

Branches:
Dungeon (5/15)
 Temple: D:4-7

Altars:
Ashenzari
Fedhas

Annotations:
D:4 2 runed translucent doors


Message History

Casting: Necrotise (safe; 1% risk of failure)
Confirm with . or Enter, or press ? or * to list all spells.
Aiming: Necrotise (safe; 1% risk of failure)
Press: ? - help, Shift-Dir - straight line, f/p - gnoll bouda
Aim: a gnoll bouda, wielding a +0 whip and wearing a +0 leather armour (lightly wounded, chance to affect: 83%)
The gnoll bouda writhes in agony.
The wall freezes the howler monkey but does no damage.
The howler monkey hits you but does no damage.
The wall freezes the gnoll.
The gnoll completely misses you.
The wall freezes the gnoll bouda.
The gnoll bouda closely misses you.
The wall freezes the gnoll.
The gnoll closely misses you.
Casting: Necrotise (safe; 1% risk of failure)
Confirm with . or Enter, or press ? or * to list all spells.
Aiming: Necrotise (safe; 1% risk of failure)
Press: ? - help, Shift-Dir - straight line, f/p - gnoll bouda
Aim: a gnoll bouda, wielding a +0 whip and wearing a +0 leather armour (heavily wounded, chance to affect: 83%)
The gnoll bouda barely resists.
The frozen ramparts melt away.
The howler monkey closely misses you.
The gnoll hits you from afar with a +0 spear.
The gnoll bouda gazes fiercely through you!
You feel your attacks grow feeble. The gnoll bouda closely misses you.
The gnoll barely misses you.
Casting: Necrotise (safe; 1% risk of failure)
Confirm with . or Enter, or press ? or * to list all spells.
The spell is quite dangerous to miscast (24% risk of failure)!
Continue anyway? [Y]es or [N]o only, please.
The spell is quite dangerous to miscast (24% risk of failure)!
Continue anyway?
Casting: Frozen Ramparts (quite dangerous; 24% risk of failure)
Press: ? - help, Dir - look around, f - activate The walls around you are covered in ice.
The wall freezes the howler monkey.
The howler monkey hits you!
The wall freezes the gnoll.
The gnoll hits you from afar with a +0 spear.
The wall freezes the gnoll bouda but does no damage.
The gnoll bouda hits you with a +0 whip!
* * * LOW HITPOINT WARNING * * *
The wall freezes the gnoll.
The gnoll completely misses you.
The wall freezes the howler monkey but does no damage.
The howler monkey hits you.
You die...

.## .#. # gg #.##r#
# #.#gg##.##?
######## #.gh#......
†......#########@.#
..............###.##
######.######.###..#
#.<......)...#...#
########.######.##
#.# .# #.. # ###


You could see a gnoll bouda, a howler monkey, 4 gnolls and a quokka.

Vanquished Creatures
  Grinder (D:3)
  A howler monkey (D:5)
  Natasha (D:3)
  8 adders
  2 ufetubi (D:4)
  4 worms
  2 dart slugs
  7 orcs
  A bat (D:1)
  6 endoplasms
  2 giant cockroaches
  2 goblins
  A hobgoblin (D:4)
  A jackal (D:3)
  A quokka (D:2)
  5 ball pythons
  3 frilled lizards
  4 kobolds
  A rat (D:2)
53 creatures vanquished.

Vanquished Creatures (collateral kills)
  A hound (D:5)
  A hobgoblin (D:2)
2 creatures vanquished.

Grand Total: 55 creatures vanquished

Notes
Turn   | Place    | Note
-------+----------+-------------------------------------------
     0 | D:1      | Lanoc the Deep Elf Necromancer began the quest for the Orb.
     0 | D:1      | Reached XP level 1. HP: 10/10 MP: 6/6
    78 | D:1      | Reached skill level 5 in Necromancy
   443 | D:1      | Reached XP level 2. HP: 15/15 MP: 2/8
  1108 | D:2      | Reached skill level 6 in Necromancy
  1108 | D:2      | Reached XP level 3. HP: 16/19 MP: 2/9
  1112 | D:2      | Learned a level 3 spell: Vampiric Draining
  1323 | D:2      | Found a broken altar of Ashenzari.
  1335 | D:2      | Became a worshipper of Ashenzari the Shackled
  1621 | D:2      | Found a faded altar of an unknown god.
  2511 | D:3      | Reached XP level 4. HP: 24/24 MP: 6/10
  2623 | D:3      | Noticed Grinder
  2623 | D:3      | Paralysed by Grinder for 5 turns
  2637 | D:2      | Learned a level 3 spell: Frozen Ramparts
  2758 | D:3      | Noticed Natasha
  2761 | D:3      | Killed Natasha
  2762 | D:3      | Reached skill level 7 in Necromancy
  2850 | D:3      | Paralysed by Grinder for 4 turns
  2865 | D:3      | Paralysed by Grinder for 2 turns
  2875 | D:3      | Paralysed by Grinder for 4 turns
  2892 | D:3      | Killed Grinder
  2893 | D:3      | Reached skill level 9 in Necromancy
  2893 | D:3      | Reached XP level 5. HP: 28/28 MP: 7/11
  2893 | D:3      | Reached XP level 6. HP: 32/32 MP: 7/12
  2901 | D:3      | Identified the cursed +0 robe "I Foresaw This" {Evo, Melee}
  3130 | D:4      | Found a runed translucent gate.
  3131 | D:4      | Found a runed translucent gate.
  3156 | D:4      | Reached * piety under Ashenzari
  3505 | D:4      | Identified the cursed +0 pair of boots of Apeoromancy
                  | {Fort, Cun} (You found it on level 3 of the Dungeon)
  3768 | D:4      | Found a blossoming altar of Fedhas.
  3919 | D:5      | Entered Level 5 of the Dungeon
  4079 | D:5      | Slain by a howler monkey

Illustrated notes

Levels and vault maps discovered:
D:1:      amcnicky_arrival_underground_garden, layout_basic
D:2:      layout_basic, basic_altar, dilly_ecumenical_altar_fadedgnrine,
          corner_web_ring
D:3:      layout_loops_corners, minmay_cupped, uniq_natasha, uniq_grinder
D:4:      layout_cave_pods, fedhas_ov_isle_minmay, gammafunk_ghost_nasty_kobolds
D:5:      layout_loops_ring, nicolae_hepliaklqana_monster_ancestors

Skill      XL: |  1  2  3  4 |
---------------+-------------+-----
Necromancy     | 5 6 9 |  9.8
Dodging        | |  2.4
Stealth        | |  2.4
Spellcasting   | |  3.0

Action                   |  1- 3 |  4- 6 || total
-------------------------+-------+-------++-------
Melee: Unarmed           |       |    31 ||    31
       Punch             |       |     1 ||     1
 Cast: Necrotise         |    56 |    72 ||   128
       Frozen Ramparts   |       |     6 ||     6
Invok: Curse Item        |     1 |     1 ||     2
  Use: Potion            |       |     4 ||     4
Armor: Robe              |     1 |    12 ||    13
       Skin              |       |    12 ||    12
Dodge: Dodged            |     8 |    55 ||    63

Table legend: (Time is in decaauts)
 A = Elapsed time spent in this place.
 B = Non-inter-level travel time spent in this place.
 C = Inter-level travel time spent in this place.
 D = Time resting spent in this place.
 E = Time spent auto-exploring this place.
 F = Levels seen in this place.
 G = Mean time per level.
                   A        B        C        D        E       F      G
               +--------+--------+--------+--------+--------+-----+--------+
         Total |   4089 |   3984 |    105 |     32 |   3471 |   5 |  817.8 |
       Dungeon |   4089 |   3984 |    105 |     32 |   3471 |   5 |  817.8 |
               +--------+--------+--------+--------+--------+-----+--------+

Top non-repeatable levels by time:
     D:2: 1203 daAuts
     D:3: 1063 daAuts
     D:1: 840 daAuts
     D:4: 822 daAuts
     D:5: 159 daAuts
